 Dungeon Crawl Stone Soup version 0.26.1-10-gdfb7c7de75 (webtiles) character file.

Game seed: 12757283805820644248

81 Electrofox the Chopper (level 4, 0/39 HPs)
             Began as a Minotaur Fighter on Apr 6, 2021.
             Killed from afar by an orc wizard (10 damage)
             ... with a puff of frost
             ... on level 3 of the Dungeon.
             The game lasted 00:04:13 (2217 turns).

Electrofox the Chopper (Minotaur Fighter)           Turns: 2217, Time: 00:04:14

Health: 0/39       AC:  6    Str: 20    XL:     4   Next: 19%
Magic:  3/3        EV:  7    Int:  6    God:
Gold:   118        SH:  9    Dex: 10    Spells: 3/3 levels left

rFire    . . .     SeeInvis .   a - +0 war axe
rCold    . . .     Faith    .   c - +0 kite shield
rNeg     . . .     Spirit   .   b - +0 scale mail
rPois    .         Reflect  .   (helmet restricted)
rElec    .         Harm     .   (no cloak)
rCorr    .         Rampage  .   (no gloves)
Will     .....                  (no boots)
Stlth    ..........             (no amulet)
HPRegen  0.13/turn              (no ring)
MPRegen  0.08/turn              (no ring)

@: no status effects
A: retaliatory headbutt, horns 2
a: no special abilities


You were on level 3 of the Dungeon.
You visited 1 branch of the dungeon, and saw 3 of its levels.

You collected 118 gold pieces.

Inventory:

Hand Weapons
 a - a +0 war axe (weapon)
 i - a +0 hunting sling
Armour
 b - a +0 scale mail (worn)
 c - a +0 kite shield (worn)
Wands
 p - a wand of acid (7)
Scrolls
 e - 2 scrolls of enchant weapon {unknown}
 f - a scroll of enchant armour {unknown}
 g - 5 scrolls of immolation {unknown}
 h - a scroll of noise {unknown}
 j - a scroll of magic mapping {unknown}
 k - 2 scrolls of identify {unknown}
 l - a scroll of blinking {unknown}
 m - a scroll of teleportation {unknown}
Potions
 d - 2 potions of might
 n - a potion of degeneration {unknown}
 o - a potion of brilliance {unknown}
 q - a potion of mutation {unknown}


   Skills:
 - Level 3.6 Fighting
 * Level 4.7 Axes
 - Level 3.6 Armour
 + Level 4.6 Shields


You had 3 spell levels left.
You didn't know any spells.
Your spell library was empty.

Dungeon Overview and Level Annotations

Branches:
Dungeon (3/15)

Altars:


Innate Abilities, Weirdness & Mutations

You reflexively headbutt those who attack you in melee.
You have a pair of horns on your head.


Message History

The orc wizard hits you but does no damage.
You closely miss the orc wizard.
The orc wizard is heavily wounded.
You block the orc wizard's attack.
The orc wizard hits you but does no damage.
You hit the orc wizard. Your headbutt misses the orc wizard.
The orc wizard is almost dead.
The orc wizard casts a spell at itself.
The orc wizard flickers and vanishes!
Deactivating autopickup; reactivate with Ctrl-A.
The orc hits you but does no damage. Something hits you.
* * * LOW HITPOINT WARNING * * *
You miss something. Your headbutt misses something.
You block something's attack. You block the orc's attack.
Something hits you but does no damage. You block the orc's attack.
You barely miss something.
You hear some strange, mumbled words.
A puff of frost appears from out of thin air!
The puff of frost hits you!
You die...

##......##..#
##......##..# ######'###.#
#......K.#.##
#........#..#
#........#..##
#......††#..>#
#.....(.....†############
#...........Ko{@...÷...<#
#.............############
#.#########+### #. #


You could see an orc and a kobold.

Vanquished Creatures
  An adder (D:3)
  3 worms (D:2)
  3 dart slugs (D:1)
  2 leopard geckos (D:2)
  An orc (D:3)
  9 bats
  3 giant cockroaches
  5 goblins
  7 hobgoblins
  6 kobolds
  A ball python (D:1)
  2 frilled lizards (D:2)
  10 rats
53 creatures vanquished.

Notes
Turn   | Place    | Note
-------+----------+-------------------------------------------
     0 | D:1      | Electrofox the Minotaur Fighter began the quest for the
                  | Orb.
     0 | D:1      | Reached XP level 1. HP: 19/19 MP: 0/0
   214 | D:1      | Reached XP level 2. HP: 26/26 MP: 1/1
  1025 | D:2      | Reached XP level 3. HP: 31/31 MP: 2/2
  1920 | D:3      | Reached XP level 4. HP: 34/39 MP: 3/3
  2217 | D:3      | Killed from afar by an orc wizard

Illustrated notes

Levels and vault maps discovered:
D:1:      lightli_iron_boxes, layout_basic
D:2:      layout_basic
D:3:      layout_basic

Skill      XL: |  1  2  3 |
---------------+----------+-----
Axes           | 3 4 |  4.7
Shields        | 4 |  4.6
Fighting       | |  3.6
Armour         | |  3.6

Action                   |  1- 3 |  4- 6 || total
-------------------------+-------+-------++-------
Melee: War axe           |   107 |    25 ||   132
       Headbutt          |    11 |     3 ||    14
Armor: Scale mail        |    47 |    11 ||    58
Dodge: Dodged            |    23 |     4 ||    27
Block: Kite shield       |    55 |    18 ||    73
